 Dungeon Crawl Stone Soup version 0.28-a0-1159-g27aa881441 (webtiles) character file.

Game seed: 10717804599914939842

9 spaghetti the Sneak (level 2, -2/21 HPs)
             Began as an Octopode Delver on Dec 15, 2021.
             Slain by an ogre (23 damage)
             ... on level 5 of the Dungeon.
             The game lasted 00:01:43 (892 turns).

spaghetti the Sneak (Octopode Delver)                Turns: 892, Time: 00:01:43

Health: -2/21      AC:  1    Str: 11    XL:     2   Next: 12%
Magic:  2/2        EV: 13    Int: 12    God:
Gold:   17         SH:  0    Dex: 13    Spells: 1/1 levels left

rFire   . . .      SeeInvis .   a - +0 mace {mace}
rCold   + . .      Faith    .   (no shield)
rNeg    . . .      Spirit   .   (helmet restricted)
rPois   .          Reflect  .   (no amulet)
rElec   .          Harm     .   h - ring of protection from cold
rCorr   .          Rampage  .   (no ring)
Will    .....                   (no ring)
Stlth   ++++......              (no ring)
HPRegen 0.07/turn               (no ring)
MPRegen 0.08/turn               (no ring)
                                (no ring)
                                (no ring)

@: no status effects
A: almost no armour, amphibious, 8 rings, camouflage 1, gelatinous body 1,
(nimble swimmer 1), tentacles
a: no special abilities


You were on level 5 of the Dungeon.
You visited 2 branches of the dungeon, and saw 4 of its levels.

You collected 17 gold pieces.


Innate Abilities, Weirdness & Mutations

You cannot wear most types of armour.
You are amphibious.
You can wear up to eight rings at the same time.
Your skin changes colour to match your surroundings (Stealth+).
Your rubbery body absorbs attacks. (AC +1, EV +1)
((You are camouflaged near water. (Stealth+)))
You have tentacles for arms and can constrict up to eight enemies at once.


   Skills:
 - Level 3.0 Fighting
 - Level 2.0 Maces & Flails
 - Level 2.0 Dodging
 + Level 7.2 Stealth


You had one spell level left.
You didn't know any spells.
Your spell library was empty.

Inventory:

Hand Weapons
 a - a +0 mace (weapon) {mace}
Missiles
 d - 19 stones {throwing}
 g - 28 arrows
 i - 2 curare-tipped darts (quivered) {=fthrowing}
Jewellery
 h - a ring of protection from cold (left tentacle)
   (You found it on level 5 of the Dungeon)
Wands
 f - a wand of digging (3)
Scrolls
 b - a scroll of fog
 c - a scroll of magic mapping {!r}
Potions
 e - a potion of haste {@q3}

Dungeon Overview and Level Annotations

Branches:
Dungeon (6/15)             Temple (1/1) D:4

Altars:
Ashenzari
Elyvilon
Fedhas
Gozag
Hepliaklqana
Kikubaaqudgha
Makhleb
Nemelex Xobeh
Okawaru
Qazlal
Ru
Sif Muna
Trog
Uskayaw
Vehumet
Wu Jian
Xom
The Shining One

### #.. # #.# ...
#.# ....### #.#
....<..###.#####.#
.......@.........#
......O#####.#####
.....(. #.......#
....... #.##.##.#
##. .......
#.##.##.# #..
....... #.##..#.#
#.. #(....#
#.###.#.# #..
#?....
#.###.#.######..
##.......##......


You could see an ogre (poisoned, slow).


Message History

Ouch! That really hurt!
* * * LOW HITPOINT WARNING * * *
😱 HP[-18]
You take 18 damage, and now have 3/21 hp.
MASSIVE DAMAGE!! (PAUSE)
As you read the scroll of fear, it crumbles to dust.
You assume a fearsome visage.
The yak looks frightened! x2
The yak bellows!
The yak looks frightened!
The hound looks frightened!
Cornered, the hound turns to fight!
Cornered, the yak turns to fight! x2
(D) Dungeon (T) Temple
Where to? (Enter - D:4, ? - help)
A yak is nearby!
Unknown command. 😱 HP[+1]
Okay, then.
You see here a +0 pair of gloves.
There is a stone staircase leading up here.
You climb upwards.
You hear the sound of rushing water.
There is an entrance to a sewer on this level.
Hurry and find it before the portal rusts away!
You hear the brisk rusting of a drain very nearby.
There is a stone staircase leading down here.
Unknown command. 😱 HP[+1]
You start resting.
You hear the quick rusting of a drain nearby.
You hear the quick rusting of a drain nearby.
You hear the rapid rusting of a drain nearby.
You hear the rapid rusting of a drain nearby.
You hear the rapid rusting of a drain nearby. 😎 HP[+16]
Your hp is fully restored (21).
Unknown command.
You hear the rapid rusting of a drain.
There is a stone staircase leading up here.
You hear the drain falling apart.
Things that are here:
a +0 scale mail; a +0 dagger {short}; a +0 whip {mace} The walls and floor vibrate strangely for a moment.
You see here a +0 mace {mace}.
You now have 17 gold pieces.
An orc comes into view. It is wielding a +0 short sword.
Unknown command.
Okay, then.
Okay, then.
You see here a scroll labelled OGEOCI YLLU.
The helpless orc fails to defend itself.
You hit the orc. You grab the orc. You squeeze the orc, but do no damage.
You constrict the orc.
The orc hits you with a +0 short sword. 😕 HP[-5]
You take 5 damage, and now have 16/21 hp.
MASSIVE DAMAGE!! (PAUSE)
You sock the orc!
You kill the orc!
You see here a +0 short sword {short}.
d - a scroll labelled OGEOCI YLLU
There are no items here.
As you read the scroll labelled OGEOCI YLLU, it crumbles to dust.
You feel strangely unstable.
It was a scroll of teleportation.
Unknown command.
Your surroundings suddenly seem different.
Unknown command.
Unknown command.
You see here a +0 short sword {short}.
d - 19 stones {throwing} Key pressed, stopping explore.
Found a stone staircase leading up. 😎 HP[+5]
Your hp is fully restored (21).
h - a ring of protection from cold
h - a ring of protection from cold (left tentacle)
An ogre comes into view. It is wielding a +0 giant spiked club.
You see here 4 curare-tipped darts {=fthrowing}.
i - 4 curare-tipped darts {=fthrowing}
Okay, then.
Throw: 4 darts (curare) {=fthrowing}
Press: ? - help, Q - select action, (/) - cycle Shift-Dir - straight line, f - ogre
Aim: an ogre, wielding a +0 giant spiked club (73% to hit)
You throw a curare-tipped dart {=fthrowing}.
The curare-tipped dart {=fthrowing} barely misses the ogre.
Throw: 3 darts (curare) {=fthrowing}
Press: ? - help, Q - select action, (/) - cycle Shift-Dir - straight line, f/p - ogre
Aim: an ogre, wielding a +0 giant spiked club (73% to hit)
You throw a curare-tipped dart {=fthrowing}.
The curare-tipped dart {=fthrowing} hits the ogre.
The ogre is poisoned.
The ogre convulses.
The ogre seems to slow down.
You hit the ogre. You sock the ogre! Your squeeze misses the ogre.
The ogre barely misses you.
Unknown command.
Unknown command.
You hit the ogre.
Unknown command.
Unknown command.
You closely miss the ogre.
The ogre hits you with a +0 giant spiked club!!
Ouch! That really hurt!
You die...

Skill      XL: |  1 |
---------------+----+-----
Stealth        | 7 |  7.2
Fighting       | |  3.0
Maces & Flails | |  2.0
Dodging        | |  2.0

Action                   || total
-------------------------++-------
Melee: Mace              ||    19
       Constrict         ||     4
       Tentacles         ||     4
Throw: Dart              ||     2
  Use: Scroll            ||     2
 Stab: Sleeping          ||     2
Armor: Skin              ||     1
Dodge: Dodged            ||    21

Levels and vault maps discovered:
D:4:      layout_cave_pods, minmay_temple_entry_statues_pillars,
          minmay_misc_feat_rows
D:5:      layout_loops_cross, portal_sewer_entry_d
D:6:      layout_basic, serial_shops, nicolae_shop_trees, uniq_grinder
Temple:   nicolae_temple_no_exploring_needed

Notes
Turn   | Place    | Note
-------+----------+-------------------------------------------
     0 | D:5      | spaghetti the Octopode Delver began the quest for the Orb.
     0 | D:5      | Reached XP level 1. HP: 16/16 MP: 1/1
     0 | D:5      | magus.rc [v1.9.6]
   163 | D:4      | Found a staircase to the Ecumenical Temple.
   168 | D:4      | Noticed an orc priest
   170 | Temple   | Entered the Ecumenical Temple
   199 | D:5      | Reached skill level 7 in Stealth
   203 | D:5      | HP: 3/16 [orc (2)]
   205 | D:5      | Reached XP level 2. HP: 4/21 MP: 2/2
   410 | D:5      | Noticed an ogre
   451 | D:6      | Noticed a yak
   453 | D:6      | Noticed a yak
   456 | D:6      | Noticed a yak
   458 | D:6      | HP: 3/21 [yak (18)]
   885 | D:5      | Noticed an ogre
   892 | D:5      | Slain by an ogre

Vanquished Creatures
  4 orcs (D:5)
  A ball python (D:5)
5 creatures vanquished.

Table legend:
 A = Non-vault XP
 B = Vault XP
 C = Vault XP percentage of total XP
 D = Non-vault monster count
 E = Vault monster count
 F = Vault count percentage of total count
                 A         B        C        D         E       F
            +---------+---------+-------+---------+---------+-------
      Total |      13 |       0 |   0.0 |       5 |       0 |   0.0
            +---------+---------+-------+---------+---------+-------
        D:5 |      13 |       0 |   0.0 |       5 |       0 |   0.0
            +---------+---------+-------+---------+---------+-------

Illustrated notes

Table legend:
 A = Kills in this place as a percentage of kills in entire the game.
 B = Kills by you in this place as a percentage of kills by you in the entire game.
 C = Kills by friends in this place as a percentage of kills by friends in the entire game.
 D = Other kills in this place as a percentage of other kills in the entire game.
 E = Experience gained in this place as a percentage of experience gained in the entire game.
 F = Experience gained in this place divided by the number of levels of this place that you have seen.
                   A       B       C       D       E      F
               +-------+-------+-------+-------+-------+----------------------
         Total | 100.0 | 100.0 |   N/A |   N/A | 100.0 |   3.2
       Dungeon | 100.0 | 100.0 |   N/A |   N/A | 100.0 |   4.3
               +-------+-------+-------+-------+-------+----------------------

Table legend: (Time is in decaauts)
 A = Elapsed time spent in this place.
 B = Non-inter-level travel time spent in this place.
 C = Inter-level travel time spent in this place.
 D = Time resting spent in this place.
 E = Time spent auto-exploring this place.
 F = Levels seen in this place.
 G = Mean time per level.
                   A        B        C        D        E       F      G
               +--------+--------+--------+--------+--------+-----+--------+
         Total |    897 |    888 |      9 |    432 |    323 |   4 |  224.2 |
       Dungeon |    884 |    882 |      2 |    432 |    323 |   3 |  294.7 |
        Temple |     13 |      6 |      7 |      0 |      0 |   1 |   13.0 |
               +--------+--------+--------+--------+--------+-----+--------+

Top non-repeatable levels by time:
     D:5: 729 daAuts
     D:4: 96 daAuts
     D:6: 58 daAuts
  Temple: 13 daAuts
